 Dungeon Sprint DCSS version 0.27.1 (webtiles) character file.

Game seed: 16324387892211440090

184 styxcanada the Covert (level 5, -1/28 HPs)
             Began as a Spriggan Brigand on Sept 5, 2021.
             Was an Initiate of Gozag.
             Slain by a spriggan (4 damage)
             ... in the Dungeon (Sprint IV: "Fedhas' Mad Dash").
             The game lasted 00:02:08 (447 turns).

styxcanada the Covert (Spriggan Brigand)             Turns: 447, Time: 00:02:08

Health: -1/28      AC:  3    Str:  7    XL:     5   Next: 36%
Magic:  6/6        EV: 17    Int: 13    God:    Gozag
Gold:   136        SH:  0    Dex: 17    Spells: 4/4 levels left

rFire    . . .     SeeInvis +   a - +2 dagger
rCold    . . .     Faith    .   (shield restricted)
rNeg     . . .     Spirit   .   b - +0 robe
rPois    .         Reflect  .   (helmet restricted)
rElec    .         Harm     .   c - +0 cloak
rCorr    .         Rampage  .   (gloves unavailable)
Will     .....     NoTele   +   (boots unavailable)
Stlth    ++++++....             m - amulet of invisibility {+Inv}
HPRegen  0.09/turn              (no ring)
MPRegen  0.10/turn              (no ring)

@: very slightly contaminated, very quick
A: very small, no large weapons, unfitting armour, see invisible, speed 3
a: Renounce Religion, Evoke Invisibility, Potion Petition, Call Merchant, Bribe
Branch


You were in the Dungeon.
You worshipped Gozag.
Gozag was aware of your devotion.
You visited 1 branch You collected 136 gold pieces.

Inventory:

Hand Weapons
 a - a +2 dagger (weapon)
Missiles
 e - a curare-tipped dart (quivered)
 n - 19 stones
Armour
 b - a +0 robe (worn)
 c - a +0 cloak (worn)
Jewellery
 m - the amulet of invisibility (around neck) {+Inv}
   (You found it in the Dungeon)

   [amulet of nothing]

   +Inv:      It lets you turn invisible.
Scrolls
 k - a scroll of blinking
 l - a scroll of torment {unknown}
 o - a scroll of identify {unknown}
Potions
 f - a potion of curing
 g - a potion of heal wounds
 h - a potion of haste
 i - 2 potions of magic
 j - a potion of berserk rage


   Skills:
 + Level 3.1 Fighting
 + Level 4.1 Short Blades
 + Level 4.8 Throwing
 + Level 1.9 Dodging
 + Level 14.1 Stealth
 + Level 1.5 Evocations


You had 4 spell levels left.
You didn't know any spells.
Your spell library was empty.

Dungeon Overview and Level Annotations

Branches:
Dungeon (1/1)

Altars:
Cheibriados
Dithmenos
Elyvilon
Gozag
Hepliaklqana
Kikubaaqudgha
Makhleb
Nemelex Xobeh
Okawaru
Qazlal
Ru
Sif Muna
Trog
Uskayaw
Vehumet
Wu Jian
Xom
Yredelemnul
Zin
The Shining One
Beogh
Jiyva
Lugonu


Innate Abilities, Weirdness & Mutations

You are very small and have problems with some larger weapons.
You are too small for most types of armour.
You have supernaturally acute eyesight. (SInv)
You cover ground extremely quickly. (Speed+++)


Message History

The spriggan looks more healthy.
There is an open door here.
Throw: 4 darts (poison)
Press: ? - help, Q - select action, (/) - cycle Shift-Dir - straight line, f/p - spriggan
Aim: a spriggan, wielding a +0 dagger, wearing a +0 robe and wearing a +2 buckler (moderately wounded, 36% to hit)
You throw a poisoned dart. The poisoned dart misses the spriggan.
The spriggan blocks the poisoned dart.
The spriggan closely misses you.
You see here a river rat skeleton.
There is a staircase leading out of the dungeon, spattered with blood here.
Throw: 3 darts (poison)
Press: ? - help, Q - select action, (/) - cycle Shift-Dir - straight line, f/p - spriggan
Aim: a spriggan, wielding a +0 dagger, wearing a +0 robe and wearing a +2 buckler (moderately wounded, 36% to hit)
You throw a poisoned dart.
The poisoned dart barely misses the spriggan.
The poisoned dart misses the spriggan.
Throw: 2 darts (poison)
Press: ? - help, Q - select action, (/) - cycle Shift-Dir - straight line, f/p - spriggan
Aim: a spriggan, wielding a +0 dagger, wearing a +0 robe and wearing a +2 buckler (moderately wounded, 36% to hit)
You throw a poisoned dart. The poisoned dart misses the spriggan.
The poisoned dart hits the spriggan.
The spriggan is poisoned.
The spriggan is moderately wounded.
The spriggan barely misses you.
The spriggan hits the fungus with a +0 dagger!
The fungus begins to die.
Throw: dart (poison)
Press: ? - help, Q - select action, (/) - cycle Shift-Dir - straight line, f/p - spriggan
Aim: a spriggan, wielding a +0 dagger, wearing a +0 robe and wearing a +2 buckler (moderately wounded, poisoned, 36% to hit)
You throw a poisoned dart. The spriggan blocks the poisoned dart.
The spriggan barely misses you.
The spriggan hits the fungus with a +0 dagger.
Throw: 2 darts (curare)
Press: ? - help, Q - select action, (/) - cycle Shift-Dir - straight line, f/p - spriggan
Aim: a spriggan, wielding a +0 dagger, wearing a +0 robe and wearing a +2 buckler (moderately wounded, poisoned, 36% to hit)
You throw a curare-tipped dart.
The spriggan blocks the curare-tipped dart.
The spriggan hits you with a +0 short sword.
You die...
Your body crumbles into a pile of gold.

##################
#@ii(#.....#.....#
#PP..'..†.('.#..('
#PPPP#(....#.#...#
###############+##
# $ $#


$$$$ You could see 2 spriggans.

Vanquished Creatures
  A scorpion (D)
  3 oklob saplings (D)
  A river rat (D)
  A rat (D)
6 creatures vanquished.

Vanquished Creatures (others)
  A fungus (D)
1 creature vanquished.

Grand Total: 7 creatures vanquished

Notes
Turn   | Place    | Note
-------+----------+-------------------------------------------
     0 | D        | styxcanada the Spriggan Brigand began the quest for the
                  | Orb.
     0 | D        | Reached XP level 1. HP: 10/10 MP: 2/2
    20 | D        | Reached skill level 8 in Stealth
    20 | D        | Reached XP level 2. HP: 3/15 MP: 3/3
   261 | D        | Noticed an oklob sapling
   263 | D        | Killed an oklob sapling
   264 | D        | Reached skill level 10 in Stealth
   264 | D        | Reached XP level 3. HP: 18/18 MP: 4/4
   265 | D        | Noticed a scorpion
   265 | D        | Found the amulet of invisibility {+Inv}
   276 | D        | Killed a scorpion
   277 | D        | Reached skill level 12 in Stealth
   277 | D        | Reached XP level 4. HP: 23/23 MP: 5/5
   310 | D        | Found an opulent altar of Gozag.
   310 | D        | Found a hazy altar of Hepliaklqana.
   310 | D        | Found a burning altar of Makhleb.
   310 | D        | Found a sparkling altar of Nemelex Xobeh.
   310 | D        | Found a snail-covered altar of Cheibriados.
   310 | D        | Found a sacrificial altar of Ru.
   310 | D        | Found a shimmering blue altar of Sif Muna.
   310 | D        | Found a shimmering altar of Xom.
   310 | D        | Found a basalt altar of Yredelemnul.
   311 | D        | Found a viscous altar of Jiyva.
   311 | D        | Found a bloodstained altar of Trog.
   311 | D        | Found an ornate altar of the Wu Jian Council.
   312 | D        | Found an iron altar of Okawaru.
   312 | D        | Found a shadowy altar of Dithmenos.
   312 | D        | Found a glowing silver altar of Zin.
   313 | D        | Found an ancient bone altar of Kikubaaqudgha.
   313 | D        | Found a hide-covered altar of Uskayaw.
   314 | D        | Found a stormy altar of Qazlal.
   314 | D        | Found a white marble altar of Elyvilon.
   314 | D        | Found a glowing golden altar of the Shining One.
   315 | D        | Became a worshipper of Gozag Ym Sagoz the Greedy
   316 | D        | Found a corrupted altar of Lugonu.
   316 | D        | Found a radiant altar of Vehumet.
   320 | D        | Reached skill level 13 in Stealth
   320 | D        | Reached XP level 5. HP: 28/28 MP: 3/6
   399 | D        | Reached skill level 14 in Stealth
   399 | D        | Reached skill level 1 in Evocations
   405 | D        | HP: 1/28 [spriggan (7)]
   447 | D        | Slain by a spriggan

Illustrated notes

Levels and vault maps discovered:
D:        dungeon_sprint_fedhas [sprint_temple]

Skill      XL: |  1  2  3  4  5 |
---------------+----------------+-----
Stealth        | 8 10 12 13 14 | 14.1
Fighting       | 2 3 |  3.1
Throwing       | 3 4 |  4.8
Short Blades   | 3 4 |  4.1
Evocations     | 1 |  1.5
Dodging        | |  1.9

Action                   |  1- 3 |  4- 6 || total
-------------------------+-------+-------++-------
Melee: Dagger            |     8 |     3 ||    11
Throw: Dart              |     9 |     9 ||    18
 Abil: Evoke Invisibilit |       |     2 ||     2
 Stab: Sleeping          |     1 |     1 ||     2
       Invisible         |       |     1 ||     1
Dodge: Dodged            |     7 |     8 ||    15
